 Dungeon Crawl Stone Soup version 0.19-a0-4-ga5c5ac4 (webtiles) character file.

52476 namelastname112 the Gelid (level 14, -27/103 HPs)
             Began as a Purple Draconian Ice Elementalist on Apr 28, 2016.
             Was a Priest of Vehumet.
             Shot with an arrow by a minotaur (28 damage)
             ... in a labyrinth.
             The game lasted 00:41:10 (23128 turns).

namelastname112 the Gelid (DrIE)                   Turns: 23128, Time: 00:41:11

Health: -27/103    AC: 12    Str: 11    XL:     14   Next: 27%
Magic:  13/31      EV: 13    Int: 20    God:    Vehumet [***...]
Gold:   1072       SH:  0    Dex: 12    Spells: 4 memorised, 23 levels left

rFire  x . .     SeeInvis .     X - staff of conjuration
rCold  + + +     Gourm    .     (armour unavailable)
rNeg   . . .     Faith    .     (no shield)
rPois  +         Spirit   .     (helmet restricted)
rElec  .         Dismiss  .     C - +0 cloak
rCorr  .         Reflect  .     s - +1 pair of gloves
SustAt .         Harm     .     E - +0 pair of boots
MR     ++...     Clarity  +     (no amulet)
Stlth  ++........               w - ring of wizardry
                                K - ring of ice

@: very resistant to hostile enchantments, unstealthy
A: breathe power, unfitting armour, hooves 1, clarity, cold resistance 2, poison
resistance, cold-blooded, AC +8
a: Breathe Dispelling Energy, Renounce Religion


You were in a labyrinth.
You worshipped Vehumet.
Vehumet was most pleased with you.
You were hungry.

You visited 3 branches of the dungeon, and saw 18 of its levels.
You also visited: Labyrinth.

You collected 1237 gold pieces.
You spent 165 gold pieces at shops.

Inventory:

Hand Weapons
 x - a +1 flail of protection
Armour
 s - a +1 pair of gloves (worn)
 C - a +0 cloak (worn)
 E - a +0 pair of boots (worn)
Magical Staves
 z - an uncursed staff of wizardry
 J - an uncursed staff of power
 X - an uncursed staff of conjuration (weapon)
Jewellery
 k - an uncursed ring of positive energy
 w - a ring of wizardry (right hand)
 K - a ring of ice (left hand)
Wands
 e - a wand of heal wounds (7/9)
 n - a wand of polymorph (12/24)
 D - a wand of paralysis (17/24)
 G - a wand of flame (29/48)
 L - a wand of disintegration (3/24)
 T - a wand of heal wounds (6/9)
 U - a wand of paralysis (9/24)
 W - a wand of slowing (33/48)
Scrolls
 h - 4 scrolls of enchant armour
 i - 5 scrolls of teleportation
 m - 5 scrolls of immolation
 o - 5 scrolls of remove curse
 p - 2 scrolls of recharging
 r - 2 scrolls of amnesia
 H - 4 scrolls of fog
 N - a scroll of summoning
 Z - a scroll of identify
Potions
 d - 5 potions of haste
 f - 2 potions of curing
 g - 6 potions of agility
 j - 6 potions of heal wounds
 q - 2 potions of brilliance
 t - 3 potions of cure mutation
 v - 4 potions of flight
 B - a potion of resistance
 I - a potion of ambrosia
 M - 2 potions of magic
 O - a potion of invisibility
 Q - a potion of lignification {unknown}
 S - 2 potions of might
Books
 a - a book of Frost

   Spells                             Type                      Level
   a - Freeze                         Ice                          1
   b - Throw Frost                    Conjuration/Ice              2
   c - Ozocubu's Armour               Charms/Ice                   3
   d - Throw Icicle                   Conjuration/Ice              4
   e - Summon Ice Beast               Ice/Summoning                4
 l - a book of Unlife

   Spells                             Type                      Level
   a - Recall                         Summoning/Translocation      3
   b - Animate Dead                   Necromancy                   4
   c - Control Undead                 Necromancy                   4
   d - Cigotuvi's Embrace             Necromancy                   5
   e - Death Channel                  Necromancy                   6
   f - Simulacrum                     Ice/Necromancy               6
 u - a book of Envenomations

   Spells                             Type                      Level
   a - Spider Form                    Transmutation/Poison         3
   b - Olgreb's Toxic Radiance        Poison                       4
   c - Alistair's Intoxication        Transmutation/Poison         5
   d - Poisonous Cloud                Conjuration/Poison/Air       6
 y - a book of the Tempests

   Spells                             Type                      Level
   a - Static Discharge               Conjuration/Air              3
   b - Lightning Bolt                 Conjuration/Air              5
   c - Fireball                       Conjuration/Fire             5
   d - Tornado                        Air                          9
   e - Shatter                        Earth                        9
 P - a book of Clouds

   Spells                             Type                      Level
   a - Mephitic Cloud                 Conjuration/Poison/Air       3
   b - Conjure Flame                  Conjuration/Fire             3
   c - Poisonous Cloud                Conjuration/Poison/Air       6
   d - Freezing Cloud                 Conjuration/Ice/Air          6
   e - Ring of Flames                 Charms/Fire                  7
 V - a book of Battle

   Spells                             Type                      Level
   a - Infusion                       Charms                       1
   b - Shroud of Golubria             Charms/Translocation         2
   c - Song of Slaying                Charms                       2
   d - Spectral Weapon                Hexes/Charms                 3
   e - Regeneration                   Charms/Necromancy            3
Comestibles
 b - 6 bread rations
 A - 9 fruits
 F - 7 beef jerkies


   Skills:
 - Level 3.8 Fighting
 - Level 3.8 Dodging
 - Level 1.7 Stealth
 + Level 13.7 Spellcasting
 + Level 12.5 Conjurations
 * Level 16.4 Ice Magic


You had 23 spell levels left.
You knew the following spells:

 Your Spells              Type           Power        Failure   Level  Hunger
d - Bolt of Cold          Conj/Ice       ########..   1%          6    #####..
s - Freezing Cloud        Conj/Ice/Air   #######...   1%          6    #####..
x - Throw Icicle          Conj/Ice       ########     1%          4    None
z - Freeze                Ice            ####         0%          1    None


Dungeon Overview and Level Annotations

Branches:
Dungeon (15/15)            Temple (1/1) D:5            Lair (0/8) D:8
    Orc (2/2) D:12            Elf (0/3) Orc:2        Vaults (0/5) D:13
 Depths (0/5) D:15

Altars:
Ashenzari
Cheibriados
Dithmenos
Elyvilon
Fedhas
Gozag
Kikubaaqudgha
Makhleb
Nemelex Xobeh
Okawaru
Pakellas
Qazlal
Ru
Sif Muna
Trog
Vehumet
Xom
Yredelemnul
Zin
The Shining One

Shops:
D:4 }   D:8 *   D:13 [   Orc:2 *(


Innate Abilities, Weirdness & Mutations

You can breathe bolts of dispelling energy.
Your rich purple scales are hard (AC +8).
Your body does not fit into most forms of armour.
You are cold-blooded and may be slowed by cold attacks.
You have large cloven feet.
You possess an exceptional clarity of mind.
Your flesh is very cold resistant.
Your system is resistant to poisons.


Message History

Aiming: Bolt of Cold
Press: ? - help, Shift-Dir - straight line, f/p - minotaur
Aim: a minotaur, wielding a shortbow of flaming, wearing a glowing crystal plate armour and wearing a ring of dexterity (freezing vapour)
You feel a strong surge of power!
The bolt of cold hits the minotaur.
The minotaur is moderately wounded.
The minotaur is engulfed in freezing vapours.
The minotaur shoots an arrow.
The arrow hits you. The arrow burns you.
You take 7 damage, and have 37/103 hp.
You now have 19/31 mp.
Casting: Bolt of Cold
Confirm with . or Enter, or press ? or * to list all spells.
Aiming: Bolt of Cold
Press: ? - help, Shift-Dir - straight line, f/p - minotaur
Aim: a minotaur, wielding a shortbow of flaming, wearing a glowing crystal plate armour and wearing a ring of dexterity (freezing vapour, moderately wounded)
You feel a strong surge of power!
The bolt of cold hits the minotaur.
The minotaur is almost dead.
You are feeling hungry.
The minotaur shoots an arrow.
The arrow hits you!!!
* * * LOW HITPOINT WARNING * * *
The arrow burns you!!
You die...

##.#.# ##.#
....# . #
#.#.
.###.####
#.#.. #.
.#...
#..####.#.#.
##### # #...
..... .# ...
#.#
#.########
..####.
#...#.#8§8§8|
......
#..@'§§H§.. #
# # ##
#...#8§8§8[ #
.# ###.#
##### .#.#
... ..#.. #.#
#.# #.# ..#
### #


You could see a minotaur.

Vanquished Creatures
  The ghost of beholder the Schismatic, a journeyman DsAK of Lugonu (D:12)
  Maud (D:13)
  Josephine (D:15)
  2 rakshasas
  5 vault guards (D:13)
  A hydra (D:13)
  Harold (Orc:1)
  A centaur warrior (D:15)
  2 ogre magi
  2 tengu warriors (D:13)
  Urug (D:15)
  A wizard (D:13)
  A skeletal warrior (D:15)
  A flayed ghost (D:15)
  5 hill giants
  Pikel (D:6)
  A necromancer (D:15)
  A deep elf mage (D:13)
  An oklob plant (D:12)
  An orc knight (Orc:2)
  6 cyclopes
  12 ugly things
  3 manticores
  An orc sorcerer (Orc:1)
  7 slime creatures (D:13)
  The ghost of no0bjke the Skirmisher, a novice MiBe of Trog (D:5)
  2 spriggan zombies (D:15)
  2 centaur zombies (D:13)
  A stone giant skeleton (D:15)
  Psyche (D:11)
  A gargoyle (D:13)
  An efreet (D:13)
  4 kobold demonologists
  A yaktaur (D:15)
  8 trolls
  A guardian mummy (D:15)
  Grinder (D:3)
  6 two-headed ogres
  Prince Ribbit (D:6)
  An ice dragon zombie (D:15)
  A vampire (D:15)
  2 wyverns
  3 shadows
  5 wraiths (D:15)
  A human (D:13)
  20 yaks
  6 hungry ghosts
  2 hippogriffs
  A mottled dragon (D:13)
  3 wargs
  2 water moccasins
  7 orc warriors
  4 sky beasts
  A slave (D:6)
  2 black bears
  An ice beast (D:8)
  10 ogres
  A necrophage (D:13)
  11 centaurs
  8 phantoms
  12 big kobolds
  7 giant frogs
  A wyvern zombie (D:4)
  A water moccasin zombie (D:9)
  A wyvern skeleton (D:13)
  3 scorpions
  6 killer bees
  A water moccasin skeleton (D:10)
  7 howler monkeys
  A giant frog zombie (D:4)
  6 crimson imps
  8 hounds
  3 quasits
  5 centaur skeletons
  2 jellies
  9 orc priests
  2 giant frog skeletons
  Terence (D:3)
  18 orc wizards
  6 worker ants
  A killer bee zombie (D:6)
  6 sheep
  A hound zombie (D:9)
  A howler monkey zombie (D:6)
  18 adders
  10 gnolls
  4 shadow imps
  2 oozes (D:1)
  An adder zombie (D:7)
  An adder skeleton (D:4)
  2 worms
  7 giant geckos
  42 orcs
  A ball python (D:6)
  4 giant cockroaches
  2 goblins (D:1)
  13 hobgoblins
  12 jackals
  65 kobolds
  6 quokkas
  3 bats
  2 giant gecko skeletons
  3 giant newts
  A jackal zombie (D:6)
  8 rats
499 creatures vanquished.

Vanquished Creatures (others)
  4 withered plants (D:15)
4 creatures vanquished.

Grand Total: 503 creatures vanquished

Notes
Turn   | Place    | Note
--------------------------------------------------------------
     0 | D:1      | namelastname112 the Draconian Ice Elementalist began the quest for the Orb.
     0 | D:1      | Reached XP level 1. HP: 14/14 MP: 3/3
   203 | D:1      | Reached XP level 2. HP: 20/22 MP: 0/5
   521 | D:1      | Reached skill level 1 in Fighting
   637 | D:1      | Reached XP level 3. HP: 16/28 MP: 0/6
   944 | D:2      | Found a blossoming altar of Fedhas.
  1216 | D:2      | Reached XP level 4. HP: 18/36 MP: 0/8
  1567 | D:2      | Learned a level 4 spell: Throw Icicle
  1838 | D:3      | Noticed Terence
  1847 | D:3      | Killed Terence
  2405 | D:3      | Reached XP level 5. HP: 40/42 MP: 7/9
  2625 | D:5      | Entered Level 5 of the Dungeon
  2871 | D:5      | Noticed no0bjke's ghost (novice MiBe)
  3173 | D:6      | Noticed a black bear
  3183 | D:6      | Killed a black bear
  3183 | D:6      | Reached XP level 6. HP: 47/50 MP: 5/11
  3686 | D:6      | Noticed Prince Ribbit
  3806 | D:6      | Killed Prince Ribbit
  3806 | D:6      | Your scales start taking on a rich purple colour.
  3806 | D:6      | Reached skill level 5 in Spellcasting
  3806 | D:6      | Reached XP level 7. HP: 45/58 MP: 2/14
  3909 | D:6      | Found an oddly glowing altar of Pakellas.
  4550 | D:6      | Noticed Pikel
  4567 | D:6      | Killed Pikel
  4567 | D:6      | Reached skill level 5 in Conjurations
  4567 | D:6      | Reached skill level 5 in Ice Magic
  4567 | D:6      | Reached XP level 8. HP: 48/66 MP: 5/17
  4740 | D:6      | Found an iron altar of Okawaru.
  5385 | D:4      | Found a blossoming altar of Fedhas.
  5386 | D:4      | Found a shattered altar of Ashenzari.
  5390 | D:4      | Reached skill level 6 in Ice Magic
  5454 | D:4      | HP: 2/66 [wyvern zombie (3)]
  5486 | D:4      | Found a burning altar of Makhleb.
  5490 | D:4      | Found a sacrificial altar of Ru.
  5490 | D:4      | Found a shadowy altar of Dithmenos.
  5490 | D:4      | Found an opulent altar of Gozag.
  5812 | D:4      | Found Cuhoz's Gadget Emporium.
  6679 | D:5      | Killed no0bjke's ghost
  6679 | D:5      | Reached skill level 7 in Ice Magic
  6679 | D:5      | Reached XP level 9. HP: 33/71 MP: 2/19
  6802 | D:5      | Found a staircase to the Ecumenical Temple.
  6836 | Temple   | Entered the Ecumenical Temple
  6989 | Temple   | Became a worshipper of Vehumet
  7349 | D:3      | Noticed Grinder
  7380 | D:3      | Killed Grinder
  7506 | D:3      | Reached * piety under Vehumet
  7506 | D:3      | Offered knowledge of Sting by Vehumet.
  7792 | D:5      | Reached skill level 8 in Ice Magic
  8084 | D:7      | Reached ** piety under Vehumet
  8263 | D:7      | Offered knowledge of Flame Tongue by Vehumet.
  8292 | D:7      | HP: 2/71 [giant frog skeleton (5)]
  8645 | D:7      | Found a snail-covered altar of Cheibriados.
  8699 | D:7      | Got an encrusted dagger
  8700 | D:7      | Identified the +7 dagger "Vylec" {antimagic, +Blink rPois} (You found it on level 7 of the Dungeon)
  8836 | D:8      | Found a staircase to the Lair.
  8848 | D:8      | Reached skill level 9 in Ice Magic
  8968 | D:7      | Reached XP level 10. HP: 78/78 MP: 16/22
  9022 | D:8      | Gained mutation: Scrolls take you a little longer to read. [mutagenic meat]
  9184 | D:8      | Found a glowing silver altar of Zin.
  9392 | D:8      | Found Olaqage's Assorted Antiques.
  9575 | D:8      | Offered knowledge of Ignite Poison by Vehumet.
 10285 | D:9      | Reached skill level 10 in Ice Magic
 10290 | D:9      | Gained mutation: Your spells are a little harder to cast, but a little more powerful. [mutagenic meat]
 10291 | D:9      | Gained mutation: You evolve. [mutagenic meat]
 10292 | D:9      | Gained mutation: Your system is resistant to poisons. [mutagenic meat]
 10293 | D:9      | Gained mutation: You can translocate small distances at will. [mutagenic meat]
 10294 | D:9      | Gained mutation: Your flesh is cold resistant. [mutagenic meat]
 10633 | D:9      | Found a white marble altar of Elyvilon.
 10728 | D:9      | Found a glowing golden altar of the Shining One.
 10728 | D:9      | Found a deep blue altar of Sif Muna.
 10857 | D:10     | Entered Level 10 of the Dungeon
 11031 | D:9      | Gained mutation: Your body sometimes deteriorates upon taking damage. [evolution]
 11037 | D:10     | Reached *** piety under Vehumet
 11833 | D:10     | Offered knowledge of Fulminant Prism by Vehumet.
 12498 | D:10     | Noticed a hill giant
 12506 | D:10     | Killed a hill giant
 12506 | D:10     | Reached skill level 11 in Ice Magic
 12506 | D:10     | Reached XP level 11. HP: 83/83 MP: 10/24
 12610 | D:10     | xeno23: че это зин на коробку со зверями ругается
 12621 | D:10     | namelastname112: хаотик
 12621 | D:10     | xeno23: ну охуеть
 13047 | D:11     | Reached **** piety under Vehumet
 13091 | D:11     | Reached skill level 10 in Spellcasting
 13142 | D:11     | Gained mutation: You have large cloven feet. [evolution]
 13221 | D:11     | Noticed Psyche
 13230 | D:11     | Killed Psyche
 13515 | D:11     | Offered knowledge of Iskenderun's Mystic Blast by Vehumet.
 13889 | D:11     | xeno23: Removemottled's ghost breathes negative energy at you. _The bolt of negative energy hits you! You feel drained. You take 22 damage
 14106 | D:12     | Learned a level 6 spell: Freezing Cloud
 14154 | D:12     | Found a staircase to the Orcish Mines.
 14160 | D:12     | Noticed beholder's ghost (journeyman DsAK)
 14647 | D:12     | Killed beholder's ghost
 14647 | D:12     | Reached skill level 12 in Ice Magic
 14794 | D:12     | Noticed a hill giant
 14797 | D:12     | Killed a hill giant
 14840 | D:12     | Lost mutation: Your spells are a little harder to cast, but a little more powerful. [evolution]
 14864 | D:12     | Noticed a hill giant
 14870 | D:12     | Killed a hill giant
 14954 | D:12     | Lost mutation: Scrolls take you a little longer to read. [potion of cure mutation]
 14954 | D:12     | Lost mutation: You can translocate small distances at will. [potion of cure mutation]
 14954 | D:12     | Lost mutation: You evolve. [potion of cure mutation]
 14954 | D:12     | Lost mutation: Your body sometimes deteriorates upon taking damage. [potion of cure mutation]
 14955 | D:12     | Gained mutation: Your flesh is very cold resistant. [potion of beneficial mutation]
 14956 | D:12     | Gained mutation: You possess an exceptional clarity of mind. [potion of beneficial mutation]
 15108 | D:12     | Noticed an oklob plant
 15396 | D:12     | Killed an oklob plant
 15510 | D:12     | Reached skill level 10 in Conjurations
 15697 | D:13     | Noticed a vault guard
 15736 | D:13     | Killed a vault guard
 15736 | D:13     | Reached XP level 12. HP: 91/91 MP: 18/27
 15739 | D:13     | Noticed Maud
 15762 | D:13     | Killed Maud
 15762 | D:13     | Reached skill level 13 in Ice Magic
 15772 | D:13     | Noticed a tengu warrior
 15891 | D:13     | Killed a tengu warrior
 16157 | D:13     | Noticed a vault guard
 16167 | D:13     | Killed a vault guard
 16388 | D:13     | Noticed a vault guard
 16398 | D:13     | Killed a vault guard
 16434 | D:13     | Noticed an ogre mage
 16437 | D:13     | Killed an ogre mage
 16731 | D:13     | Found a gate to the Vaults.
 16731 | D:13     | Noticed a vault guard
 16731 | D:13     | Noticed a vault guard
 16739 | D:13     | Killed a vault guard
 16741 | D:13     | Killed a vault guard
 16803 | D:13     | Reached skill level 14 in Ice Magic
 17139 | D:13     | Noticed a tengu warrior
 17156 | D:13     | Killed a tengu warrior
 17158 | D:13     | xeno23: ебать как я хитер
 17182 | D:13     | xeno23: попался в сеть гигантову
 17218 | D:13     | xeno23: заюзал теле чтоб сеть не рвать
 17254 | D:13     | namelastname112: лол блять
 17254 | D:13     | namelastname112: сеткосектант
 17302 | D:13     | Reached XP level 13. HP: 96/96 MP: 15/29
 17440 | D:13     | xeno23: New spell lvl 10 Hex/Charms: Conjure Net
 17685 | D:13     | namelastname112: ммм
 17685 | D:13     | namelastname112: тащем-та
 17685 | D:13     | namelastname112: ??ensnare
 17685 | D:13     | beem: ensnare[1/1]: Attack flavour (jumping spiders) or missile spell (Arachne) which puts you in a web and places a web on the floor if possible.
 17996 | D:13     | Reached ***** piety under Vehumet
 18002 | D:13     | Offered knowledge of Airstrike by Vehumet.
 18003 | D:13     | xeno23: блядь
 18094 | D:13     | xeno23: вот девы то дауны
 18098 | D:13     | Found Zoampum's Antique Armour Shop.
 18156 | D:13     | xeno23: можно же сделать такой спелл для игрока
 18157 | D:13     | namelastname112: хуй
 18157 | D:13     | namelastname112: оп
 18157 | D:13     | xeno23: допустим пойсон/хекс 6-7 лвла
 18229 | D:13     | Found an opulent altar of Gozag.
 18318 | D:13     | xeno23: и пойсон школа баффнется
 18319 | D:13     | xeno23: мм
 18511 | D:13     | Reached skill level 15 in Ice Magic
 18522 | D:13     | xeno23: ну это не больший оп чем сами сети которых можно найти штук 20 в шоласах
 19630 | D:14     | Got a transparent hat
 19636 | D:14     | Identified the cursed -2 hat of Acsagioch {rCorr} (You found it on level 14 of the Dungeon)
 19885 | D:15     | Entered Level 15 of the Dungeon
 19885 | D:15     | Noticed Josephine
 19894 | D:15     | Killed Josephine
 20739 | D:15     | Noticed Urug
 20748 | D:15     | Killed Urug
 21223 | D:15     | Reached skill level 16 in Ice Magic
 21224 | D:15     | Reached XP level 14. HP: 86/103 MP: 25/31
 21372 | D:15     | Found a staircase to the Depths.
 21733 | D:15     | Offered knowledge of Bolt of Cold by Vehumet.
 21753 | D:15     | Learned a level 6 spell: Bolt of Cold
 22544 | Orc:1    | Entered Level 1 of the Orcish Mines
 22568 | Orc:1    | Noticed Harold
 22575 | Orc:1    | Killed Harold
 22738 | Orc:2    | Entered Level 2 of the Orcish Mines
 22754 | Orc:2    | Found Dyiplihi's Antique Weapon Emporium.
 22777 | Orc:2    | Found Vuakuts's Assorted Antiques.
 22778 | Orc:2    | Found a labyrinth entrance.
 22804 | Orc:2    | Bought a potion of heal wounds for 165 gold pieces
 22841 | Lab      | Entered a labyrinth
 23128 | Lab      | HP: 1/103 [minotaur/arrow (37)]
 23128 | Lab      | Shot with an arrow by a minotaur

Vault maps used:
D:1:      dpeg_arrival_tiny_d, st_stairs_7
D:2:      fedhas_altar_1
D:3:      minmay_goblin_kobold_castle, uniq_terence, uniq_grinder
D:4:      grunt_temple_overflow_open, serial_shops, shop, first_bread,
          st_stairs_11, minmay_misc_feat_ornament, serial_park_tiny_pond,
          minmay_misc_feat_pillars
D:5:      minmay_temple_entry_nine_rooms
D:6:      kennysheep_okawaru_gauntlet, minmay_item_behind_shaft,
          johnstein_pakellas_death_squad, uniq_pikel, uniq_prince_ribbit1
D:7:      nicolae_overflow_hidden_temple
D:8:      nicolae_overflow_crystal_walls, erik_lair_orcish_takeover,
          serial_shops, shop
D:9:      kennysheep_mini_moat, gammafunk_temple_overflow_elements,
          grunt_ogre_cave
D:10:     minmay_flawed_box
D:11:     uniq_psyche
D:12:     evilmike_surprise_oklob
D:13:     grunt_vaults_entry_fortified, serial_shops, shop_statue, minivault_22,
          grunt_gozag_statues, uniq_maud
D:14:     serial_glass, glass_columns_b, glass_columns_a, minmay_fountain_box
D:15:     gammafunk_depths_entry_grave, uniq_urug, uniq_josephine
Temple:   minmay_temple_bridge_b_8
Orc:1:    uniq_harold, uniq_erica
Orc:2:    st_orc_congregation, lab_entry_generic, serial_shops,
          nicolae_shop_competitors_out_of_business,
          nicolae_shop_overgrown_old_shop,
          nicolae_shop_temple_entry_statues_fountains, shop, uniq_donald,
          uniq_rupert
Lab:      nicolae_lab_dead_adventurers, labyrinth_glass_1, nicolae_lab_arrow,
          nicolae_lab_do_over, nicolae_lab_flowing_pool

Skill      XL: |  1  2  3  4  5  6  7  8  9 10 11 12 13 |
---------------+----------------------------------------+-----
Dodging        | 2 3 |  3.8
Fighting       | 1 2 3 |  3.8
Spellcasting   | 3 5 6 7 8 9 11 12 13 | 13.7
Conjurations   | 3 4 5 6 7 8 10 11 12 | 12.5
Ice Magic      | 5 7 9 11 12 14 16 | 16.4
Stealth        | |  1.7

Action                   |  1- 3 |  4- 6 |  7- 9 | 10-12 | 13-15 || total
-------------------------+-------+-------+-------+-------+-------++-------
Melee: Unarmed           |     7 |       |       |       |       ||     7
       Tailslap          |     4 |    11 |    27 |    13 |     1 ||    56
       Short sword       |    39 |    62 |       |       |       ||   101
       Flail             |       |       |   246 |   129 |       ||   375
       Staff             |       |       |       |    10 |    19 ||    29
 Cast: Freeze            |    50 |    76 |   258 |    88 |       ||   472
       Throw Icicle      |       |       |    29 |   269 |   226 ||   524
       Freezing Cloud    |       |       |       |    20 |    27 ||    47
       Bolt of Cold      |       |       |       |       |    16 ||    16
 Abil: Breathe Dispellin |       |       |     3 |     3 |     1 ||     7
Evoke: Wand              |       |       |       |     7 |     1 ||     8
  Use: Potion            |       |       |     4 |     3 |       ||     7
       Scroll            |       |       |       |    23 |     5 ||    28
 Stab: Sleeping          |     2 |     1 |       |       |       ||     3
  Eat: Chunk             |     1 |     8 |    10 |    32 |    17 ||    68
       Royal jelly       |       |       |     2 |       |       ||     2
       Meat ration       |       |       |     2 |     4 |       ||     6
       Fruit             |       |       |       |     2 |     3 ||     5
       Bread ration      |       |       |       |       |     2 ||     2
       Pizza             |       |       |       |       |     1 ||     1
       Beef jerky        |       |       |       |       |     1 ||     1
Armor: Skin              |    26 |    45 |   282 |   188 |    42 ||   583
Dodge: Dodged            |    50 |    99 |   450 |   288 |    69 ||   956
